 Dungeon Crawl Stone Soup version 0.30-a0-534-gdc55766716 (webtiles) character file.

Game seed: 12412068711964337525

96 greenreed the Cudgeller (level 4, -2/40 HPs)
             Began as a Minotaur Fighter on Dec 24, 2022.
             Slain by a gnoll
             ... wielding a +0 spear
              (5 damage)
             ... on level 3 of the Dungeon.
             The game lasted 00:03:05 (1768 turns).

greenreed the Cudgeller (Minotaur Fighter)          Turns: 1768, Time: 00:03:05

Health: -2/40      AC:  7    Str: 22    XL:     4   Next: 41%
Magic:  3/3        EV: 13    Int:  5    God:
Gold:   128        SH:  4    Dex: 10    Spells: 3/3 levels left

rFire   + . .      SeeInvis .    a - +0 flail
rCold   . . .      Faith    .    c - +0 buckler
rNeg    . . .      Spirit   .    b - +0 scale mail
rPois   .          Reflect  .    (helmet restricted)
rElec   .          Harm     .    (no cloak)
rCorr   .          Rampage  .    (no gloves)
Will    .....                    (no boots) Stlth
                                 (no amulet)
HPRegen 0.26/turn                n - +4 ring of evasion
MPRegen 0.08/turn                i - ring of protection from fire

@: no status effects
A: horns 2, retaliatory headbutt
a: no special abilities


You were on level 3 of the Dungeon.
You visited 1 branch of the dungeon, and saw 3 of its levels.

You collected 128 gold pieces.

Inventory:

Hand Weapons
 a - a +0 flail (weapon)
Armour
 b - a +0 scale mail (worn)
 c - a +0 buckler (worn)
 q - an orb of wrath
Jewellery
 i - a ring of protection from fire (right hand)
 j - an amulet of magic regeneration
 n - a +4 ring of evasion (left hand)
Scrolls
 h - a scroll of magic mapping {unknown}
 k - 2 scrolls of blinking {unknown}
 p - 3 scrolls of identify {unknown}
 r - a scroll of teleportation {unknown}
Potions
 d - a potion of might
 e - 5 potions of curing {unknown}
 f - a potion of ambrosia {unknown}
 g - 2 potions of cancellation {unknown}
 l - 2 potions of resistance {unknown}
 m - a potion of mutation {unknown}
 o - a potion of lignification {unknown}


   Skills:
 * Level 4.2 Fighting
 * Level 4.3 Maces & Flails
 + Level 4.1 Armour
 + Level 1.1 Dodging
 + Level 3.9 Shields


You had 3 spell levels left.
You didn't know any spells.
Your spell library contained the following spells:

 Spells                   Type           Power      Damage    Failure   Level
 Beastly Appendage        Tmut           0%         N/A       87%         1
 Wereblood                Tmut           0%         N/A       95%         2
 Spider Form              Tmut/Pois      0%         N/A       99%         3


Dungeon Overview and Level Annotations

Branches:
Dungeon (3/15)

Altars:


Innate Abilities, Weirdness & Mutations

You have a pair of horns on your head.
You reflexively headbutt those who attack you in melee.


Message History

The gnoll closely misses you. You furiously retaliate!
You headbutt the gnoll. The gnoll barely misses you.
You closely miss the gnoll.
The gnoll is moderately wounded.
The gnoll barely misses you. You furiously retaliate!
You headbutt the gnoll. The gnoll barely misses you.
You barely miss the gnoll. You headbutt the gnoll.
The gnoll is heavily wounded.
The gnoll hits you with a +0 spear.
The gnoll hits you from afar with a +0 halberd!
You hit the gnoll.
The gnoll is almost dead.
The gnoll misses you.
The gnoll hits you but does no damage. x2
The gnoll barely misses you.
You hit the gnoll.
You kill the gnoll!
The gnoll misses you.
Your Dodging skill increases to level 1!
The gnoll hits you but does no damage.
The gnoll hits you from afar with a +0 spear.
You see here a +0 spear.
You sock the gnoll!
The gnoll is heavily wounded.
The gnoll hits you from afar with a +0 spear.
The gnoll hits you with a +0 halberd!
* * * LOW HITPOINT WARNING * * *
You are too injured to fight recklessly!
You are too injured to fight recklessly!
You thump the gnoll!
You kill the gnoll!
You block the gnoll's attack.
You are too injured to fight recklessly!
The gnoll hits you with a +0 spear.
* * * LOW HITPOINT WARNING * * *
Things that are here:
a +0 halberd; a gnoll corpse You sock the gnoll!
The gnoll is almost dead.
The gnoll hits you with a +0 spear.
You die...

.. #######
........########
...............# .......
#......# .......
#.(....# .......
#.....######### .......
#..............
.......###..............
......g@)...............
.......###.######.######
....... #.# #..##
....... #.# ##..#
....... #.# ##.###
....... #.# #...#
....... #.# ###.##
....... ... #..# #.#
##.#


You could see a gnoll.

Vanquished Creatures
  Robin (D:2)
  2 gnolls (D:3)
  A worm (D:2)
  2 dart slugs
  3 ball pythons
  6 bats
  5 endoplasms
  A giant cockroach (D:1)
  7 goblins (D:2)
  11 hobgoblins
  2 jackals (D:2)
  4 kobolds (D:2)
  2 quokkas
  3 frilled lizards
  5 rats
55 creatures vanquished.

Notes
Turn   | Place    | Note
-------+----------+-------------------------------------------
     0 | D:1      | greenreed the Minotaur Fighter began the quest for the Orb.
     0 | D:1      | Reached XP level 1. HP: 19/19 MP: 0/0
   224 | D:1      | Reached XP level 2. HP: 27/27 MP: 1/1
   949 | D:2      | Reached XP level 3. HP: 33/33 MP: 2/2
  1094 | D:2      | Noticed Robin
  1154 | D:2      | Killed Robin
  1372 | D:2      | Reached XP level 4. HP: 40/40 MP: 3/3
  1764 | D:3      | Reached skill level 1 in Dodging
  1767 | D:3      | HP: 2/40 [gnoll/+0 spear (3)]
  1768 | D:3      | Slain by a gnoll

Illustrated notes

Levels and vault maps discovered:
D:1:      dpeg_arrival_rhombi, layout_loops_ring, chequers_serial_rivers_micro_b
D:2:      layout_loops_ring, uniq_robin
D:3:      layout_basic, guppyfry_early_lair_pool

Skill      XL: |  1  2  3  4 |
---------------+-------------+-----
Fighting       | 4 |  4.2
Maces & Flails | 3 4 |  4.3
Armour         | 4 |  4.1
Dodging        | 1 |  1.1
Shields        | |  3.9

Action                   |  1- 3 |  4- 6 || total
-------------------------+-------+-------++-------
Melee: Flail             |    95 |    20 ||   115
       Headbutt          |     6 |     3 ||     9
Armor: Scale mail        |    38 |     8 ||    46
Dodge: Dodged            |    64 |    20 ||    84
Block: Buckler           |    16 |     4 ||    20

Table legend: (Time is in decaauts)
 A = Elapsed time spent in this place.
 B = Non-inter-level travel time spent in this place.
 C = Inter-level travel time spent in this place.
 D = Time resting spent in this place.
 E = Time spent auto-exploring this place.
 F = Levels seen in this place.
 G = Mean time per level.
                   A        B        C        D        E       F      G
               +--------+--------+--------+--------+--------+-----+--------+
         Total |   1797 |   1701 |     96 |      0 |   1349 |   3 |  599.0 |
       Dungeon |   1797 |   1701 |     96 |      0 |   1349 |   3 |  599.0 |
               +--------+--------+--------+--------+--------+-----+--------+

Top non-repeatable levels by time:
     D:1: 882 daAuts
     D:2: 809 daAuts
     D:3: 106 daAuts
